Map: Catalyst LE

Players

Marzbar - Winner!

  • Race: Zerg Zerg
  • League: Diamond
  • Spawn Location: 11:00

DarkKnight

  • Race: Zerg Zerg
  • League: Diamond
  • Spawn Location: 5:00

VOD

Have the link to the VOD?

Description

Time

  • Played on: June 1, 2018, 12:04 a.m.
  • Length: 7:12
Show
View Real Time Build Order
Export as new Build Order

Marzbar Zerg - Winner!

Build Orders: Hatch First 

Get SALT Encoding   

  12  0:00  Drone  
  13  0:13  Overlord  
  13  0:17  Drone  
  14  0:31  Drone x2  
  14  0:35  Drone  
  17  0:54  Hatchery  
  16  0:57  Drone  
  16  1:00  Drone  
  18  1:12  Extractor  
  18  1:17  Spawning Pool  
  16  1:22  Drone  
  16  1:23  Drone  
  18  1:28  Drone  
  19  1:39  Overlord  
  19  1:59  Drone  
  20  2:06  Queen x2  
  20  2:07  Zergling x4  
  26  2:15  Metabolic Boost  
  26  2:19  Drone  
  26  2:20  Drone  
  28  2:23  Drone  
  28  2:28  Drone  
  30  2:33  Drone  
  31  2:55  Hatchery  
  30  2:59  Zergling x4  
  30  3:00  Drone x2  
  30  3:03  Overlord  
  34  3:10  Drone x2  
  35  3:23  Zergling x4  
  35  3:24  Zergling x2  
  35  3:25  Drone x3  
  41  3:36  Drone x2  
  41  3:38  Overlord x2  
  43  3:53  Overlord x2  
  43  3:59  Drone x6  
  49  4:07  Baneling Nest  
  48  4:19  Overlord x2  
  48  4:20  Zergling x8  
  48  4:21  Zergling x2  
  53  4:34  Zergling x8  
  55  4:40  Overlord x2  
  55  4:41  Zergling x4  
  56  4:48  Queen  
  56  4:51  Zergling x6  
  56  4:52  Evolution Chamber  
  60  4:58  Zergling x2  
  60  4:59  Zergling x2  
  59  5:08  Roach Warren  
  59  5:09  Extractor  
  51  5:15  Overlord  
  51  5:16  Overlord  
  51  5:17  Drone x2  
  52  5:37  Overlord x2  
  52  5:49  Baneling x3  
  50  5:53  Roach x7  
  50  5:54  Roach x4  
  69  5:57  Lair  
  65  6:12  Roach  
  65  6:13  Roach x3  
  73  6:18  Zergling x2  
  73  6:23  Drone x3  
  77  6:38  Drone  
  77  6:39  Overlord x2, Drone x5  
  87  6:41  Roach x2  
  87  6:47  Extractor  
  90  6:57  Evolution Chamber  
Show
View Real Time Build Order
Export as new Build Order

DarkKnight Zerg 

Build Orders: Hatch First 

Get SALT Encoding   

  12  0:02  Drone  
  13  0:13  Overlord  
  13  0:17  Drone  
  14  0:31  Drone x2  
  16  0:36  Drone  
  17  0:56  Hatchery  
  16  1:01  Drone  
  16  1:02  Extractor  
  16  1:03  Drone  
  17  1:15  Drone  
  18  1:20  Spawning Pool  
  17  1:25  Drone  
  17  1:28  Drone  
  19  1:39  Overlord  
  19  1:53  Drone  
  20  2:07  Queen x2  
  24  2:08  Metabolic Boost  
  24  2:13  Zergling x4  
  26  2:15  Drone  
  27  2:23  Drone  
  27  2:25  Drone  
  29  2:48  Drone x3  
  29  2:49  Overlord  
  32  2:51  Hatchery  
  32  2:53  Drone  
  32  2:59  Drone  
  33  3:13  Drone  
  33  3:14  Drone x2  
  36  3:22  Drone  
  36  3:23  Drone x2  
  36  3:24  Drone x2  
  36  3:25  Extractor, Drone  
  41  3:30  Evolution Chamber  
  41  3:32  Evolution Chamber, Drone  
  41  3:33  Zergling x2  
  41  3:45  Drone x3  
  41  3:47  Roach Warren  
  41  3:48  Extractor  
  42  3:49  Zergling x4  
  42  3:51  Overlord x2  
  44  4:00  Overlord  
  44  4:04  Queen  
  44  4:09  Drone x3  
  49  4:11  Drone x2  
  51  4:18  Drone  
  52  4:29  Roach x4  
  52  4:30  Roach, Extractor  
  61  4:34  Spine Crawler  
  61  4:36  Roach  
  61  4:37  Roach  
  59  4:45  Roach x3  
  64  4:50  Zerg Missile Weapons Level 1  
  62  4:59  Roach x3  
  68  5:00  Roach  
  63  5:15  Queen  
  63  5:19  Lair  
  65  5:25  Drone x4  
  68  5:29  Overlord  
  64  6:04  Spine Crawler  
  50  6:15  Spine Crawler x3  
  50  6:16  Queen  
  49  6:21  Drone  
  49  6:22  Drone  
  49  6:24  Drone  
  52  6:28  Ravager  
  53  6:40  Drone x3  
  53  6:41  Drone  
  53  6:44  Drone  
Tags
 
Add a new tag
Caveats
  • Supply blocks, unpowered buildings, or Contaminate may cause inaccurate times.
  • Supply counts are checked every 10 seconds.